 Dungeon Crawl Stone Soup version 0.19.1 (webtiles) character file.

20861 Darkmans the Tortoise (level 12, -3/165 HPs)
             Began as a Minotaur Fighter on Nov 30, 2016.
             Was a High Priest of Okawaru.
             Slain by a komodo dragon (17 damage)
             ... on level 13 of the Dungeon.
             The game lasted 00:39:56 (12833 turns).

Darkmans the Tortoise (Minotaur Fighter)           Turns: 12833, Time: 00:39:57

Health: -3/165     AC: 27    Str: 33    XL:     12   Next: 49%
Magic:  11/11      EV:  7    Int:  5    God:    Okawaru [*****.]
Gold:   949        SH: 11    Dex:  6    Spells: 0 memorised, 11 levels left

rFire  + . .     SeeInvis .     P - +2 scimitar (flame)
rCold  . . .     Gourm    .     b - +2 plate armour
rNeg   . . .     Faith    .     c - +0 shield
rPois  .         Spirit   .     (helmet restricted)
rElec  .         Reflect  .     p - +0 cloak of Demons {+Fly Str+3 Dex-5 Slay+5}
rCorr  .         Harm     .     g - +1 pair of gloves
MR     .....                    z - +0 pair of boots
Stlth  ..........               O - amulet of rage
                                i - +2 ring of protection
                                s - ring of protection from fire

@: berserking, very quick
A: retaliatory headbutt, horns 2
a: Heroism, Finesse, Renounce Religion, Evoke Berserk Rage, Evoke Flight


You were on level 13 of the Dungeon.
You worshipped Okawaru.
Okawaru was extremely pleased with you.
You were full.

You visited 2 branches of the dungeon, and saw 13 of its levels.

You collected 949 gold pieces.

Inventory:

Hand Weapons
 a - a +0 long sword
 v - a +0 flail of crushing
 P - a +2 scimitar of flaming (weapon)
Armour
 b - a +2 plate armour (worn)
 c - a +0 shield (worn)
 g - a +1 pair of gloves (worn)
 p - the +0 cloak of Demons (worn) {+Fly Str+3 Dex-5 Slay+5}
   (Okawaru gifted it to you on level 10 of the Dungeon)

   It affects your strength (+3).
   It affects your dexterity (-5).
   It affects your accuracy and damage with ranged weapons and melee attacks
   (+5).
   It lets you fly.
 z - a +0 pair of boots (worn)
 N - a +0 scale mail of fire resistance
Rods
 R - a +2 rod of inaccuracy (9/9)
   (You found it on level 11 of the Dungeon)
Jewellery
 e - an uncursed ring of fire
 i - a +2 ring of protection (right hand)
 q - an uncursed amulet of the gourmand
 s - a ring of protection from fire (left hand)
 x - an uncursed ring of fire
 O - an amulet of rage (around neck)
 V - an uncursed amulet of regeneration
 W - an uncursed ring of flight
Wands
 j - a wand of lightning (3/15)
 w - a wand of iceblast (9/15)
 A - a wand of flame (34/48)
 B - a wand of hasting (2/9)
 C - a wand of polymorph (18/24)
 D - a wand of iceblast (15/15)
 F - a wand of flame (13/48)
 J - a wand of flame (30/48)
 K - a wand of acid (7/15)
 M - a wand of confusion (23/48)
 T - a wand of digging (12/24)
 U - a wand of paralysis (20/24)
Scrolls
 l - a scroll of amnesia
 m - 5 scrolls of noise
 n - 3 scrolls of blinking
 o - 4 scrolls of remove curse
 y - a scroll of random uselessness
 H - 4 scrolls of enchant weapon
 Q - a scroll of identify
 S - 3 scrolls of enchant armour
Potions
 d - 3 potions of might
 h - 3 potions of curing
 r - a potion of haste
 G - a potion of ambrosia
 I - a potion of cancellation
Books
 X - a book of Conjurations

   Spells                             Type                      Level
   a - Magic Dart                     Conjuration                  1
   b - Searing Ray                    Conjuration                  2
   c - Dazzling Spray                 Conjuration/Hexes            3
   d - Fulminant Prism                Conjuration/Hexes            4
   e - Iskenderun's Mystic Blast      Conjuration                  4
   f - Iskenderun's Battlesphere      Conjuration/Charms           5
Comestibles
 f - 8 bread rations
 k - 7 meat rations
 t - 31 fruits
 u - a slice of pizza
 L - 2 beef jerkies


   Skills:
 - Level 11.6 Fighting
 - Level 13.0 Long Blades
 + Level 16.9 Armour
 + Level 5.5 Shields


You had 11 spell levels left.
You didn't know any spells.

Dungeon Overview and Level Annotations

Branches:
Dungeon (13/15)            Temple (1/1) D:6            Lair (0/6) D:10
    Orc (0/2) D:10
 Vaults: D:13-14

Altars:
Dithmenos
Fedhas
Gozag
Hepliaklqana
Makhleb
Nemelex Xobeh
Okawaru
Ru
Sif Muna
Trog
Uskayaw
Vehumet
Xom
Yredelemnul
The Shining One
Beogh

Shops:
D:7 (

Annotations:
D:9 1 runed door


Innate Abilities, Weirdness & Mutations

You reflexively headbutt those who attack you in melee.
You have a pair of horns on your head.


Message History

You closely miss the komodo dragon. You headbutt the komodo dragon.
The komodo dragon is moderately wounded.
The komodo dragon bites you!
The orc warrior hits you but does no damage.
You closely miss the komodo dragon. You headbutt the komodo dragon.
The komodo dragon is moderately wounded.
The yak gores you but does no damage. You block the komodo dragon's attack.
The cyclops throws a large rock.
The large rock hits you!!
* * * LOW HITPOINT WARNING * * *
The orc warrior hits you but does no damage.
Okay, then.
A red film seems to cover your vision as you go berserk!
You feel yourself moving faster!
You feel mighty! The yak gores you but does no damage.
The komodo dragon bites you but does no damage.
You block the orc warrior's attack.
You slash the komodo dragon! You burn the komodo dragon!
The komodo dragon is severely wounded.
You block the yak's attack. The komodo dragon bites you!
You die...

#≈≈≈# .. ##≈≈≈# #........
#≈≈≈# #........ ≈≈≈# ###++
#........ ≈≈.# #...
#........ ...# #..#
#Y....... ...# #..#
#........ #..#
#..#######†.......
#..########C....@lo†........
#...............oYo.........
#............#####..#######.
#..########..# #..# #..#
#..# #..# #>.# #..# #..#
#..########..# #..######
#............#####.........
...........................


You could see a cyclops, a komodo dragon, a yak, an orc warrior and 2 orcs.

Vanquished Creatures
  Harold (D:12)
  Erolcha (D:11)
  2 hydras (D:12)
  A centaur warrior (D:13)
  Urug (D:11)
  The ghost of milky the Basher, a novice FoAK of Lugonu (D:9)
  2 unseen horrors
  5 hill giants
  A wolf spider zombie (D:13)
  A cyclops (D:11)
  An ugly thing (D:11)
  2 gargoyles
  A centaur skeleton (D:10)
  The ghost of Geoffrax the Caller, a novice DgWn (D:6)
  An efreet (D:13)
  A komodo dragon (D:10)
  2 tengu conjurers (D:10)
  2 trolls
  3 hippogriffs
  A wraith (D:11)
  18 yaks
  A vampire (D:12)
  2 hungry ghosts
  Menkaure (D:7)
  A soldier ant (D:11)
  2 hell hounds (D:10)
  2 hornet zombies
  3 ice beasts
  5 orc warriors
  A sky beast (D:8)
  2 black bears
  An eye of draining (D:11)
  A boggart (D:11)
  2 ogres (D:12)
  10 centaurs
  3 crocodiles
  5 big kobolds
  8 bullfrogs
  A water moccasin zombie (D:8)
  6 scorpions
  A wyvern skeleton (D:9)
  2 electric eels (D:10)
  5 crimson imps
  A howler monkey (D:4)
  5 hounds
  A jelly (D:13)
  7 orc priests
  3 iguanas
  A bullfrog skeleton (D:7)
  7 orc wizards
  9 worker ants
  Natasha (twice) (D:3)
  Terence (D:3)
  2 hound zombies
  A hound skeleton (D:8)
  A howler monkey zombie (D:8)
  A howler monkey skeleton (D:4)
  A worker ant zombie (D:8)
  5 adders
  A shadow imp (D:10)
  2 adder skeletons
  A worm (D:3)
  2 leopard geckos
  44 orcs
  3 giant cockroaches
  4 goblins
  8 hobgoblins
  11 jackals
  19 kobolds
  3 quokkas
  6 bats
  4 frilled lizards
  A leopard gecko skeleton (D:7)
  6 rats
277 creatures vanquished.

Notes
Turn   | Place    | Note
-------+----------+-------------------------------------------
     0 | D:1      | Darkmans the Minotaur Fighter began the quest for the Orb.
     0 | D:1      | Reached XP level 1. HP: 19/19 MP: 0/0
   194 | D:1      | Reached XP level 2. HP: 27/27 MP: 1/1
   707 | D:2      | Reached skill level 4 in Armour
  1155 | D:2      | Found a faded altar of an unknown god.
  1170 | D:2      | Reached XP level 3. HP: 26/33 MP: 2/2
  1970 | D:3      | Noticed Terence
  1979 | D:3      | Killed Terence
  2006 | D:3      | Reached XP level 4. HP: 40/40 MP: 3/3
  2117 | D:3      | Noticed Natasha
  2127 | D:3      | Killed Natasha
  2468 | D:3      | Noticed Natasha
  2481 | D:3      | Killed Natasha
  2481 | D:3      | Reached skill level 5 in Armour
  2683 | D:4      | Reached XP level 5. HP: 41/46 MP: 4/4
  2795 | D:4      | Reached skill level 5 in Long Blades
  2923 | D:4      | Reached skill level 6 in Armour
  3114 | D:4      | You fall through a shaft for 2 floors!
  3219 | D:6      | Reached XP level 6. HP: 46/52 MP: 5/5
  3458 | D:6      | Found a staircase to the Ecumenical Temple.
  3470 | Temple   | Entered the Ecumenical Temple
  3509 | Temple   | Became a worshipper of Warmaster Okawaru
  3721 | D:6      | Noticed Geoffrax's ghost (novice DgWn)
  3746 | D:6      | Killed Geoffrax's ghost
  3746 | D:6      | Reached skill level 7 in Armour
  3746 | D:6      | Reached XP level 7. HP: 45/59 MP: 6/6
  3973 | D:6      | Reached * piety under Okawaru
  4014 | D:6      | Reached skill level 8 in Armour
  4373 | D:7      | Found Leiskixt's Weapon Shop.
  4428 | D:7      | Reached XP level 8. HP: 57/66 MP: 7/7
  4474 | D:7      | Noticed Menkaure
  4481 | D:7      | Killed Menkaure
  4481 | D:7      | Reached skill level 9 in Armour
  4498 | D:7      | Reached ** piety under Okawaru
  4838 | D:8      | Reached skill level 10 in Armour
  5356 | D:8      | Gained mutation: You possess an exceptional clarity of mind. [mutagenic meat]
  5357 | D:8      | Gained mutation: You are partially covered in yellow scales. (AC +2) [mutagenic meat]
  5358 | D:8      | Gained mutation: Scrolls take you a little longer to read. [mutagenic meat]
  5407 | D:8      | Found an opulent altar of Gozag.
  5715 | D:9      | Noticed a troll
  5726 | D:8      | Reached skill level 10 in Long Blades
  5726 | D:8      | Reached XP level 9. HP: 71/71 MP: 8/8
  5748 | D:8      | Killed a troll
  5777 | D:8      | Reached *** piety under Okawaru
  5777 | D:8      | Reached skill level 11 in Armour
  6121 | D:9      | Noticed milky's ghost (novice FoAK)
  6541 | D:9      | Killed milky's ghost
  6541 | D:9      | Reached skill level 12 in Armour
  6811 | D:9      | Reached **** piety under Okawaru
  6905 | D:9      | Noticed a sixfirhy
  6906 | D:9      | Found a runed door.
  7035 | D:9      | Noticed a troll
  7046 | D:9      | Killed a troll
  7046 | D:9      | Reached XP level 10. HP: 50/78 MP: 9/9
  7276 | D:10     | Entered Level 10 of the Dungeon
  7280 | D:10     | Found a roughly hewn altar of Beogh.
  7280 | D:10     | Found a staircase to the Orcish Mines.
  7703 | D:10     | Noticed a gargoyle
  7748 | D:10     | Killed a gargoyle
  8028 | D:10     | Reached skill level 13 in Armour
  8208 | D:10     | Noticed a hill giant
  8225 | D:10     | Killed a hill giant
  8225 | D:10     | Reached ***** piety under Okawaru
  8303 | D:10     | Reached skill level 5 in Fighting
  8393 | D:10     | Found a staircase to the Lair.
  8413 | D:10     | Received a gift from Okawaru
  8416 | D:10     | Got a steaming cloak {god gift}
  8422 | D:10     | Identified the +0 cloak of Demons {+Fly Str+3 Dex-5 Slay+5} (Okawaru gifted it to you on level 10 of the Dungeon)
  8434 | D:10     | Reached skill level 14 in Armour
  8471 | D:10     | Killed an unseen horror
  8643 | D:10     | Reached XP level 11. HP: 91/91 MP: 10/10
  8941 | D:10     | Identified Ressal's Grimoire of Calling and the Rocks
  8956 | D:10     | Noticed a hill giant
  8964 | D:10     | Killed a hill giant
  9043 | D:11     | Noticed Erolcha
  9051 | D:11     | Killed Erolcha
  9237 | D:11     | Gained mutation: Your mind is acute. (Int +2) [potion of mutation]
  9237 | D:11     | Gained mutation: Armour fits poorly on your strangely shaped body. [potion of mutation]
  9237 | D:11     | Gained mutation: You are frail. (-10% HP) [potion of mutation]
  9238 | D:11     | Lost mutation: Scrolls take you a little longer to read. [potion of cure mutation]
  9238 | D:11     | Lost mutation: You are partially covered in yellow scales. (AC +2) [potion of cure mutation]
  9238 | D:11     | Lost mutation: You possess an exceptional clarity of mind. [potion of cure mutation]
  9238 | D:11     | Lost mutation: Armour fits poorly on your strangely shaped body. [potion of cure mutation]
  9238 | D:11     | Lost mutation: Your mind is acute. (Int +2) [potion of cure mutation]
  9238 | D:11     | Lost mutation: You are frail. (-10% HP) [potion of cure mutation]
  9296 | D:11     | Noticed a hill giant
  9315 | D:11     | Killed a hill giant
  9709 | D:11     | Reached skill level 15 in Armour
  9759 | D:11     | Noticed Urug
  9777 | D:11     | Killed Urug
 10130 | D:11     | Noticed a green ugly thing
 10139 | D:11     | Killed a purple ugly thing
 10535 | D:11     | Reached skill level 10 in Fighting
 10686 | D:12     | Found a shadowy altar of Dithmenos.
 11038 | D:12     | Noticed a four-headed hydra
 11051 | D:12     | Killed a four-headed hydra
 11111 | D:12     | Reached XP level 12. HP: 93/108 MP: 11/11
 11123 | D:12     | Reached skill level 16 in Armour
 11279 | D:12     | Noticed Harold
 11306 | D:12     | Killed Harold
 11322 | D:12     | Noticed an eight-headed hydra
 11333 | D:12     | Killed an eight-headed hydra
 12428 | D:13     | Received a gift from Okawaru
 12718 | D:13     | Noticed a centaur warrior
 12731 | D:13     | Killed a centaur warrior
 12731 | D:13     | Reached skill level 5 in Shields
 12833 | D:13     | Slain by a komodo dragon

Skill      XL: |  1  2  3  4  5  6  7  8  9 10 11 12 |
---------------+-------------------------------------+-----
Fighting       | 4 6 10 11 | 11.6
Armour         | 4 5 6 7 8 10 12 14 15 16 | 16.9
Long Blades    | 3 4 5 6 8 10 12 13 | 13.0
Shields        | 5 |  5.5

Action                   |  1- 3 |  4- 6 |  7- 9 | 10-12 || total
-------------------------+-------+-------+-------+-------++-------
Melee: Long sword        |    73 |   104 |   310 |   565 ||  1052
       Headbutt          |    16 |    16 |    70 |   159 ||   261
       Flail             |       |       |       |    18 ||    18
       Scimitar          |       |       |       |    34 ||    34
Evoke: Wand              |       |       |     3 |     7 ||    10
  Use: Potion            |     1 |     2 |     4 |     5 ||    12
       Scroll            |       |     5 |    11 |     6 ||    22
 Stab: Confused          |       |       |       |     2 ||     2
  Eat: Bread ration      |     1 |     1 |     1 |       ||     3
       Chunk             |     1 |       |    12 |    15 ||    28
       Meat ration       |       |       |     1 |       ||     1
       Fruit             |       |       |       |    11 ||    11
Armor: Scale mail        |    38 |    59 |   161 |       ||   258
       Plate armour      |       |       |    13 |   488 ||   501
Dodge: Dodged            |    30 |    26 |    99 |   131 ||   286
Block: Shield            |    47 |    43 |   160 |   248 ||   498
       Rpst.: Long sword |    13 |    11 |    27 |    25 ||    76
       Scimitar          |       |       |       |     2 ||     2
